 Dungeon Crawl Stone Soup version 0.29-a0-384-g6960b1960d (webtiles) character file.

Game seed: 5376001838580700949

62 happo123 the Ruffian (level 3, 36/36 HPs)
             Began as a Troll Berserker on May 7, 2022.
             Was a Believer of Trog.
             Quit the game on level 3 of the Dungeon.
             The game lasted 00:05:35 (1567 turns).

happo123 the Ruffian (Troll Berserker)              Turns: 1567, Time: 00:05:35

Health: 36/36      AC:  5    Str: 27    XL:     3   Next: 85%
Magic:  2/2        EV: 10    Int:  3    God:    Trog [**....]
Gold:   154        SH:  0    Dex:  9    Spells: 2/2 levels left

rFire   . . .      SeeInvis .     - Unarmed
rCold   . . .      Faith    .   (no shield)
rNeg    . . .      Spirit   .   a - +0 animal skin
rPois   .          Reflect  .   (helmet restricted)
rElec   .          Harm     .   j - +0 cloak
rCorr   .          Rampage  .   (gloves unavailable)
Will    .....                   (boots unavailable)
Stlth   +.........              (no amulet)
HPRegen 0.92/turn               (no ring)
MPRegen 0.08/turn               (no ring)

@: no status effects
A: large, unfitting armour, claws 3, regeneration 1, shaggy fur 1, tough skin 1
a: Renounce Religion, Berserk, Trog's Hand


You were on level 3 of the Dungeon.
You worshipped Trog.
Trog was pleased with you.
You visited 1 branch of the dungeon, and saw 3 of its levels.

You collected 154 gold pieces.

Inventory:

Armour
 a - a +0 animal skin (worn)
 j - a +0 cloak (worn)
Scrolls
 b - a scroll of identify
 c - 2 scrolls of enchant armour {unknown}
 d - a scroll of enchant weapon {unknown}
 e - 4 scrolls of teleportation
 f - a scroll of vulnerability {unknown}
 g - a scroll of blinking {unknown}
 h - a scroll of poison {unknown}
 i - 2 scrolls of amnesia
 m - 3 scrolls of fog
 p - a scroll of immolation {unknown}
Potions
 k - 2 potions of flight {unknown}
 l - a potion of might {unknown}
 n - a potion of curing {unknown}
 o - 2 potions of degeneration {unknown}
 q - a potion of berserk rage {unknown}
 r - a potion of mutation {unknown}
 s - a potion of attraction {unknown}


   Skills:
 + Level 2.8 Fighting
 + Level 3.0 Dodging
 + Level 0.1 Stealth
 + Level 3.9 Unarmed Combat


You had 2 spell levels left.
You didn't know any spells.
Your spell library was empty.

Dungeon Overview and Level Annotations

Branches:
Dungeon (3/15)

Altars:
Gozag


Innate Abilities, Weirdness & Mutations

You are too large for most types of armour.
You have claws for hands.
Your natural rate of healing is unusually fast.
You are covered in fur. (AC +1)
You have tough skin. (AC +1)


Message History

The goblin shoots a sling bullet.
The sling bullet hits you.
The goblin shoots a sling bullet.
The sling bullet closely misses you.
The goblin shoots a sling bullet.
The sling bullet hits you.
The goblin shoots a sling bullet.
The sling bullet closely misses you.
You see here a metallic emerald potion.
o - 2 metallic emerald potions (gained 1)
The goblin shoots a sling bullet.
The sling bullet closely misses you.
The goblin shoots a sling bullet.
The sling bullet closely misses you.
The goblin unwields a +0 hunting sling.
The goblin wields a +0 club.
The goblin hits you with a +0 club.
You scratch the goblin.
The goblin is heavily wounded.
The goblin closely misses you.
You scratch the goblin but do no damage.
The goblin is heavily wounded.
You claw the goblin!
You kill the goblin!
Trog accepts your kill.
Things that are here:
a +0 club; a +0 hunting sling; a goblin corpse
Found a stone staircase leading down.
A rat comes into view.
Found a stone staircase leading down.
The rat closely misses you.
You scratch the rat but do no damage. The rat bites you but does no damage.
You scratch the rat.
You kill the rat!
Trog accepts your kill.
You see here a rat corpse.
You see here a rat corpse.
Found a stone staircase leading up.
Done exploring.
As you read the scroll labelled ZEACIET CORY, it crumbles to dust.
It is a scroll of identify.
e - 4 scrolls of teleportation
As you read the scroll of identify, it crumbles to dust.
m - 3 scrolls of fog
As you read the scroll of identify, it crumbles to dust.
i - 2 scrolls of amnesia Are you sure you want to abandon this character and quit the game? (Confirm with "yes".)

#..............# ###
##.######......## #..
...#######...########### ###.
...#...................## #...
...#.###.....#####......# ###.
.)...............#...<..# #.
.....###....##...#......# ##.
.....# #.......####.##### #..
.....# #<...#...@...# ####..
.....# ######..#.#### #.....
################.# #######.##..
####.............# #...........
..##........##########.######....
#.##........#.....)....# #....
#.#####.....#.########## #....
#.#####.....#.# #....
#.....)..†....######## #####


There were no monsters in sight!

Vanquished Creatures
  2 adders
  3 worms
  A dart slug (D:2)
  A ball python (D:2)
  3 endoplasms
  4 goblins
  3 hobgoblins (D:1)
  2 quokkas
  3 bats
  A frilled lizard (D:1)
  6 kobolds
  7 rats
36 creatures vanquished.

Vanquished Creatures (others)
  A plant (D:1)
1 creature vanquished.

Grand Total: 37 creatures vanquished

Notes
Turn   | Place    | Note
-------+----------+-------------------------------------------
     0 | D:1      | happo123 the Troll Berserker began the quest for the Orb.
     0 | D:1      | Reached XP level 1. HP: 22/22 MP: 0/0
     7 | D:1      | Found a faded altar of an unknown god.
   158 | D:1      | Reached XP level 2. HP: 27/29 MP: 1/1
   622 | D:2      | Reached XP level 3. HP: 36/36 MP: 2/2
   672 | D:2      | Reached ** piety under Trog
  1054 | D:2      | Found an opulent altar of Gozag.
  1567 | D:3      | Quit the game

Illustrated notes

Levels and vault maps discovered:
D:1:      eino_arrival_druids_welcome, layout_rooms,
          hellmonk_ecumenical_altar_leap_of_faith, minmay_pentomino_x4
D:2:      layout_loops_ring, serial_rivers, chequers_serial_rivers_small_b,
          chequers_serial_rivers_micro_a, chequers_serial_rivers_small_b,
          chequers_serial_rivers_micro_e, chequers_serial_rivers_micro_c,
          basic_altar
D:3:      layout_basic

Skill      XL: |  1  2  3 |
---------------+----------+-----
Dodging        | 3 |  3.0
Fighting       | |  2.8
Stealth        | |  0.1
Unarmed Combat | |  3.9

Action                   || total
-------------------------++-------
Melee: Unarmed           ||    99
       Punch             ||     2
  Use: Scroll            ||     3
 Stab: Sleeping          ||     2
Armor: Animal skin       ||    20
Dodge: Dodged            ||    46

Table legend: (Time is in decaauts)
 A = Elapsed time spent in this place.
 B = Non-inter-level travel time spent in this place.
 C = Inter-level travel time spent in this place.
 D = Time resting spent in this place.
 E = Time spent auto-exploring this place.
 F = Levels seen in this place.
 G = Mean time per level.
                   A        B        C        D        E       F      G
               +--------+--------+--------+--------+--------+-----+--------+
         Total |   1564 |   1416 |    148 |      0 |   1133 |   3 |  521.3 |
       Dungeon |   1564 |   1416 |    148 |      0 |   1133 |   3 |  521.3 |
               +--------+--------+--------+--------+--------+-----+--------+

Top non-repeatable levels by time:
     D:2: 761 daAuts
     D:1: 445 daAuts
     D:3: 357 daAuts
